 Dungeon Crawl Stone Soup version 0.16.1-16-gc44b35d (webtiles) character file.

29782 Shoikan the Warrior (level 13, -3/127 HPs)
             Began as a Minotaur Berserker on Apr 17, 2015.
             Was a High Priest of Trog.
             Slain by a blink frog (4 damage)
             ... on level 5 of the Lair of Beasts on Apr 18, 2015.
             The game lasted 02:14:18 (18006 turns).

Shoikan the Warrior (Minotaur Berserker)           Turns: 18006, Time: 02:14:20

Health: -3/127     AC: 21    Str: 23    XL:     13   Next: 17%
Magic:  5/5        EV:  8    Int:  7    God:    Trog [*****.]
Gold:   1069       SH:  0    Dex: 14    Spells: 0 memorised, 12 levels left

rFire  . . .     SeeInvis .     O - +4 great mace (antimagic)
rCold  . . .     Clarity  .     T - +0 plate armour
rNeg   . . .     SustAb   .     (no shield)
rPois  .         Gourm    .     (helmet restricted)
rElec  .         Spirit   .     e - +0 cloak
rCorr  .         Warding  .     f - +0 pair of gloves
rMut   .         Stasis   .     y - +0 pair of boots
MR     .....                    (no amulet)
Stlth  ..........               W - ring of teleport control
                                l - +3 ring of dexterity

@: not resistant to hostile enchantments, extremely unstealthy
A: retaliatory headbutt, horns 2
a: Burn Spellbooks, Berserk, Trog's Hand, Brothers in Arms, Renounce Religion,
Evoke Teleport Control


You were on level 5 of the Lair of Beasts.
You worshipped Trog.
Trog was extremely pleased with you.
You were hungry.

You visited 3 branches of the dungeon, and saw 17 of its levels.

You collected 1069 gold pieces.

Inventory:

Hand weapons
 K - a +4 antimagic dire flail
 O - a +4 antimagic great mace (weapon)
Missiles
 w - 3 javelins of returning (quivered)
Armour
 e - a +0 cloak (worn)
 f - a +0 pair of gloves (worn)
 y - a +0 pair of boots (worn)
 T - a +0 plate armour (worn)
Jewellery
 l - a +3 ring of dexterity (left hand)
 x - an uncursed ring of ice
 F - an uncursed ring of positive energy
 M - an uncursed ring of protection from fire
 W - a ring of teleport control (right hand)
Magical devices
 o - a wand of fireball (5)
 t - a wand of fire (8)
 G - a wand of slowing (35)
 J - a wand of digging (14)
 V - a wand of teleportation (4)
Scrolls
 a - 2 scrolls of fog
 g - 7 scrolls of teleportation
 j - 4 scrolls of enchant armour
 n - a scroll of acquirement {unknown}
 s - a scroll of identify
 u - 3 scrolls of remove curse
 v - 2 scrolls of recharging {unknown}
 B - a scroll of noise {unknown}
 C - 4 scrolls of fear
 H - a scroll of silence {unknown}
 Q - 2 scrolls of magic mapping {unknown}
 Z - a scroll of enchant weapon
Potions
 b - a potion of ambrosia
 m - 2 potions of flight
 p - 3 potions of curing
 q - 2 potions of poison {unknown}
 r - 2 potions of resistance
 z - 3 potions of agility
 A - a potion of cancellation {unknown}
 E - 2 potions of cure mutation {unknown}
 P - 2 potions of restore abilities {unknown}
 Y - a potion of magic {unknown}
Miscellaneous
 i - a disc of storms
Comestibles
 c - 6 bread rations
 h - 7 meat rations
 k - a slice of pizza
 D - a beef jerky
 I - a royal jelly


   Skills:
 + Level 15.2 Fighting
 - Level 14.0 Maces & Flails
 - Level 1.6 Throwing
 + Level 15.0 Armour
 - Level 2.1 Dodging
 - Level 5.1 Evocations


You had 12 spell levels left.
You didn't know any spells.

Dungeon Overview and Level Annotations

Branches:
Dungeon (10/15)            Temple (1/1) D:4            Lair (6/8) D:10
 Shoals (0/5) Lair:5          Orc (0/4) D:9
  Snake: Lair:3-6    Spider: Lair:3-6     Slime: Lair:6-8

Altars:
Ashenzari
Cheibriados
Dithmenos
Elyvilon
Fedhas
Gozag
Kikubaaqudgha
Makhleb
Nemelex Xobeh
Okawaru
Qazlal
Ru
Sif Muna
Trog
Vehumet
Xom
Yredelemnul
Zin
The Shining One


Innate Abilities, Weirdness & Mutations

You reflexively headbutt those who attack you in melee.
You have a pair of horns on your head.


Message History

The blink frog barely misses you.
The blink frog blinks!
The blink frog hits you.
* * * LOW HITPOINT WARNING * * *
The blink frog blinks!
The blink frog hits you but does no damage.
The blink frog blinks! x2
The blink frog hits you!
* * * LOW HITPOINT WARNING * * *
You hit the blink frog. You headbutt the blink frog!
The blink frog is heavily wounded.
The blink frog completely misses you.
The blink frog hits you but does no damage.
You hit the blink frog.
The blink frog is heavily wounded.
The blink frog hits you!
* * * LOW HITPOINT WARNING * * *
The blink frog blinks!
The blink frog hits you!
* * * LOW HITPOINT WARNING * * *
The blink frog blinks!
The blink frog hits you.
You die...

###### ##########
##.#..##
#....#.#.###...P..##
##.F..F..............
#...@................
##.ยงยง................
#....#..###.....###.
#....#...#####......
##.......P# ###......
#.........# #........
##....#P..####.......
##....#....# #..P#...
#.....#P...# ##..##..


You could see 2 blink frogs.

Vanquished Creatures
  Maud (Lair:4)
  Josephine (D:10)
  Fannar (Lair:4)
  4 hydras
  Erica (D:10)
  A fire crab (Lair:5)
  5 elephants (Lair:2)
  A black mamba (Lair:3)
  3 komodo dragons
  Psyche (D:8)
  3 spiny frogs
  2 fire drakes
  2 trolls (D:9)
  A two-headed ogre (D:10)
  6 blink frogs
  Prince Ribbit (D:5)
  5 basilisks
  4 wraiths (D:10)
  23 yaks
  A deep elf mage (D:10)
  A wyvern (Lair:5)
  6 hippogriffs
  13 wolves
  A hungry ghost (D:10)
  Edmund (D:7)
  A warg (D:9)
  12 water moccasins
  2 phantoms
  10 porcupines
  4 sky beasts
  4 spiders (Lair:5)
  2 orc warriors
  A necrophage (D:5)
  8 ogres
  An eye of draining (D:8)
  A black bear (D:8)
  2 ice beasts
  3 centaurs
  Sigmund (D:6)
  5 big kobolds
  9 crocodiles
  25 giant frogs
  2 scorpions
  4 killer bees (D:9)
  5 wights (D:7)
  8 hounds
  2 crimson imps (D:8)
  8 orc priests
  3 goliath beetles
  A centaur zombie (D:10)
  A giant frog skeleton (D:10)
  3 jellies
  3 orc wizards
  10 worker ants
  4 centaur skeletons
  6 iguanas
  A killer bee zombie (D:10)
  29 sheep
  Jessica (D:2)
  A worker ant zombie (D:5)
  34 river rats
  16 adders
  29 gnolls
  2 shadow imps
  2 worms
  2 giant mites
  3 giant geckos
  An ooze (D:2)
  27 orcs
  15 bats
  2 bat skeletons
  A gnoll zombie (D:7)
  31 hobgoblins
  7 jackals
  36 kobolds
  11 quokkas
  5 ball pythons
  A giant cockroach (D:1)
  A giant gecko skeleton (D:6)
  3 giant newts
  39 goblins
  15 rats
  A ballistomycete (D:9)
  A fungus (Lair:2)
  A plant (Lair:2)
558 creatures vanquished.

Vanquished Creatures (others)
  A giant spore (D:9)
1 creature vanquished.

Grand Total: 559 creatures vanquished

Notes
Turn   | Place    | Note
--------------------------------------------------------------
     0 | D:1      | Shoikan, the Minotaur Berserker, began the quest for the Orb.
     0 | D:1      | Reached XP level 1. HP: 19/19 MP: 1/1
   117 | D:1      | Reached skill level 4 in Maces & Flails
   117 | D:1      | Reached XP level 2. HP: 26/26 MP: 1/1
   367 | D:1      | Acquired Trog's second power
   661 | D:1      | Reached skill level 5 in Maces & Flails
   754 | D:2      | Noticed Jessica
   755 | D:2      | Killed Jessica
   755 | D:2      | Reached XP level 3. HP: 31/31 MP: 2/2
   759 | D:2      | Found an ancient bone altar of Kikubaaqudgha.
   819 | D:2      | Reached skill level 1 in Throwing
  1078 | D:2      | Reached XP level 4. HP: 35/39 MP: 2/2
  1579 | D:3      | Found a glowing golden altar of the Shining One.
  1848 | D:3      | Noticed an ogre
  1854 | D:3      | Killed an ogre
  1854 | D:3      | Reached skill level 6 in Maces & Flails
  1854 | D:3      | Reached XP level 5. HP: 15/45 MP: 2/2
  2180 | D:3      | Reached skill level 7 in Maces & Flails
  2570 | D:4      | Reached XP level 6. HP: 37/51 MP: 3/3
  2577 | D:4      | Reached skill level 8 in Maces & Flails
  2817 | D:4      | Found a staircase to the Ecumenical Temple.
  2858 | Temple   | Entered the Ecumenical Temple
  3086 | D:4      | Found a shattered altar of Ashenzari.
  3317 | D:4      | Reached skill level 9 in Maces & Flails
  3356 | D:4      | Acquired Trog's third power
  3548 | D:4      | Reached XP level 7. HP: 46/57 MP: 3/3
  3846 | D:4      | Received a gift from Trog
  3847 | D:4      | Reached skill level 10 in Maces & Flails
  4322 | D:5      | Entered Level 5 of the Dungeon
  4468 | D:5      | Noticed Prince Ribbit
  4510 | D:5      | Killed Prince Ribbit
  4510 | D:5      | Reached skill level 5 in Fighting
  4510 | D:5      | Reached XP level 8. HP: 56/68 MP: 3/3
  4779 | D:5      | Reached skill level 5 in Armour
  4961 | D:6      | Received a gift from Trog
  5098 | D:6      | Found a shimmering altar of Xom.
  5257 | D:6      | Found a snail-covered altar of Cheibriados.
  5509 | D:6      | Noticed Sigmund
  5520 | D:6      | Killed Sigmund
  5592 | D:6      | Found an iron altar of Okawaru.
  5896 | D:7      | Noticed Edmund
  5918 | D:7      | Killed Edmund
  5947 | D:7      | Reached XP level 9. HP: 73/81 MP: 4/4
  7422 | D:8      | Reached skill level 10 in Fighting
  7781 | D:8      | Found a shattered altar of Ashenzari.
  7791 | D:8      | Found an opulent altar of Gozag.
  7798 | D:8      | Found a glowing golden altar of the Shining One.
  7818 | D:8      | Noticed Psyche
  7827 | D:8      | Killed Psyche
  7827 | D:8      | Reached skill level 10 in Armour
  7878 | D:8      | Found a blossoming altar of Fedhas.
  7918 | D:8      | Received a gift from Trog
  7962 | D:8      | Reached XP level 10. HP: 81/94 MP: 1/4
  8231 | D:9      | Reached skill level 11 in Fighting
  8541 | D:9      | HP: 2/95 [warg (11)]
  9043 | D:9      | Found a staircase to the Orcish Mines.
  9086 | D:9      | Found a radiant altar of Vehumet.
  9518 | D:10     | Entered Level 10 of the Dungeon
  9560 | D:10     | Received a gift from Trog
  9723 | D:10     | Noticed Erica
  9735 | D:10     | Killed Erica
  9990 | D:10     | Reached skill level 12 in Fighting
 10197 | D:10     | Reached XP level 11. HP: 97/104 MP: 1/4
 10231 | D:10     | Received a gift from Trog
 10235 | D:10     | Found a staircase to the Lair.
 10317 | D:10     | Noticed Josephine
 10327 | D:10     | Killed Josephine
 10847 | Lair:1   | Entered Level 1 of the Lair of Beasts
 10885 | Lair:1   | Noticed a five-headed hydra
 10895 | Lair:1   | Killed a five-headed hydra
 10895 | Lair:1   | Reached skill level 13 in Fighting
 12144 | Lair:2   | Noticed a six-headed hydra
 12150 | Lair:2   | Killed a six-headed hydra
 12415 | Lair:2   | Received a gift from Trog
 12415 | Lair:2   | Reached XP level 12. HP: 101/115 MP: 1/5
 12627 | Lair:2   | Noticed a seven-headed hydra
 12632 | Lair:2   | Killed a seven-headed hydra
 12759 | Lair:2   | Reached skill level 14 in Fighting
 14346 | Lair:3   | Noticed a seven-headed hydra
 14353 | Lair:3   | Killed a seven-headed hydra
 14353 | Lair:3   | Reached skill level 1 in Evocations
 15548 | Lair:4   | Noticed Maud
 15564 | Lair:4   | Killed Maud
 16132 | Lair:4   | Noticed Fannar
 16150 | Lair:4   | Killed Fannar
 16348 | Lair:5   | Found a staircase to the Shoals.
 16596 | Lair:5   | Received a gift from Trog
 16737 | Lair:5   | Reached skill level 15 in Fighting
 16740 | Lair:5   | Reached XP level 13. HP: 98/126 MP: 4/14
 17476 | Lair:6   | Reached skill level 15 in Armour
 17486 | Lair:5   | Reached skill level 5 in Evocations
 17490 | Lair:5   | HP: 6/127 [spider (1)]
 18006 | Lair:5   | HP: 1/127 [blink frog (13)]
 18006 | Lair:5   | Slain by a blink frog

Action                   |  1- 3 |  4- 6 |  7- 9 | 10-12 | 13-15 || total
-------------------------+-------+-------+-------+-------+-------++-------
Melee: Mace              |     9 |       |       |       |       ||     9
       Flail             |    41 |   160 |   434 |       |       ||   635
       Unarmed           |       |       |     2 |       |       ||     2
       Great mace        |       |       |     2 |   721 |    94 ||   817
Throw: Stone             |    64 |     9 |       |       |       ||    73
       Javelin           |       |       |    15 |       |       ||    15
Invok: Trog's Hand       |     1 |       |     3 |     3 |       ||     7
       Berserk           |       |       |     2 |       |       ||     2
       Burn Spellbooks   |       |       |       |     2 |       ||     2
  Use: Scroll            |       |     7 |     1 |     7 |     2 ||    17
       Potion            |       |     1 |     2 |     2 |     4 ||     9
  Eat: Chunk             |       |     8 |    15 |    28 |     4 ||    55
       Royal jelly       |       |       |     1 |       |       ||     1
       Beef jerky        |       |       |       |     1 |       ||     1
